 Dungeon Crawl Stone Soup version 0.27.1-1-g398f81649c (webtiles) character file.

Game seed: 1075951499852458311

77 Autumnman the Ruffian (level 4, 45/45 HPs)
             Began as a Troll Monk on Sept 11, 2021.
             Quit the game on level 2 of the Dungeon.
             The game lasted 00:03:24 (988 turns).

Autumnman the Ruffian (Troll Monk)                   Turns: 988, Time: 00:03:25

Health: 45/45      AC:  4    Str: 20    XL:     4   Next: 14%
Magic:  3/3        EV: 10    Int:  6    God:
Gold:   74         SH:  0    Dex: 12    Spells: 3/3 levels left

rFire    . . .     SeeInvis .     - Unarmed
rCold    . . .     Faith    .   (no shield)
rNeg     . . .     Spirit   .   a - +0 robe
rPois    .         Reflect  .   (helmet restricted)
rElec    .         Harm     .   (no cloak)
rCorr    .         Rampage  .   (gloves unavailable)
Will     .....                  (boots unavailable)
Stlth    ++........             (no amulet)
HPRegen  1.15/turn              (no ring)
MPRegen  0.08/turn              (no ring)

@: no status effects
A: large, unfitting armour, claws 3, regeneration 1, shaggy fur 1, tough skin 1
a: no special abilities


You were on level 2 of the Dungeon.
You visited 1 branch of the dungeon, and saw 2 of its levels.

You collected 74 gold pieces.

Inventory:

Armour
 a - a +0 robe (worn)
Jewellery
 g - a ring of magical power
Scrolls
 b - 5 scrolls of identify {unknown}
 c - a scroll of enchant armour {unknown}
 d - a scroll of brand weapon {unknown}
Potions
 e - a potion of flight {unknown}
 f - 2 potions of lignification {unknown}
 h - a potion of resistance {unknown}


   Skills:
 + Level 3.1 Fighting
 - Level 2.4 Dodging
 - Level 1.0 Stealth
 + Level 4.4 Unarmed Combat


You had 3 spell levels left.
You didn't know any spells.
Your spell library was empty.

Dungeon Overview and Level Annotations

Branches:
Dungeon (2/15)

Altars:
Gozag


Innate Abilities, Weirdness & Mutations

You are too large for most types of armour.
You have claws for hands.
Your natural rate of healing is unusually fast.
You are covered in fur. (AC +1)
You have tough skin. (AC +1)


Message History

Found a cyan potion.
h - a cyan potion A goblin comes into view.
It is wielding a +0 dagger.
The goblin shouts!
The goblin hits you but does no damage.
You claw the goblin!
You kill the goblin!
You see here a +0 dagger.
A rat comes into view.
The helpless rat fails to defend itself.
You scratch the rat.
You kill the rat!
A giant cockroach comes into view.
You scratch the giant cockroach.
The giant cockroach is almost dead.
The giant cockroach bites you but does no damage.
You claw the giant cockroach!
You kill the giant cockroach!
You have reached level 4!
You see here an adder skeleton.
Found 8 gold pieces.
You now have 74 gold pieces (gained 8).
An adder comes into view.
The adder hisses angrily.
You miss the adder. The adder closely misses you.
You miss the adder. The adder bites you. The adder barely misses you.
You claw the adder!
The adder is almost dead.
The adder barely misses you.
You claw the adder!
You kill the adder!
You see here an adder corpse.
Found 8 javelins.
You see here 8 javelins.
Found a mace.
You see here a +0 mace.
You see here 8 javelins.
Done exploring.
Done exploring.
Are you sure you want to abandon this character and quit the game? (Confirm with "yes".)

#.############....#
#.#... #.# ####.##.#
#.#.## #.# #.......#
#.#..# #.# #.##.####
#.##.# #.# #.##.# #....#
#.# #.##†# ###### #.#
#.##.# #..... #.# #.##.##
#.#### #.#
#@#...#######.#... #.####
#...........#.#.## #)...#
###...###...#.#..# ####.#
##......#.#.##.#
#.#########.####...#....#
#......(....# ##.#######
###########.# #.##.....
#.# #.##.####
#.#####.##.#...


There were no monsters in sight!

Vanquished Creatures
  A hound skeleton (D:2)
  2 adders (D:2)
  4 ball pythons
  3 bats
  4 endoplasms (D:1)
  5 giant cockroaches
  3 goblins
  7 hobgoblins
  2 jackals (D:2)
  3 quokkas
  3 frilled lizards
  A kobold (D:1)
  5 rats
43 creatures vanquished.

Notes
Turn   | Place    | Note
-------+----------+-------------------------------------------
     0 | D:1      | Autumnman the Troll Monk began the quest for the Orb.
     0 | D:1      | Reached XP level 1. HP: 22/22 MP: 0/0
   121 | D:1      | Reached XP level 2. HP: 29/29 MP: 1/1
   286 | D:1      | Reached XP level 3. HP: 36/36 MP: 2/2
   473 | D:2      | Reached skill level 4 in Unarmed Combat
   486 | D:2      | Found an opulent altar of Gozag.
   740 | D:2      | Reached XP level 4. HP: 45/45 MP: 3/3
   988 | D:2      | Quit the game

Illustrated notes

Levels and vault maps discovered:
D:1:      ncdulo_halloftheorcs, layout_rooms, basic_ecumenical_altar
D:2:      layout_loops_ring, basic_altar, patterned_corridor

Skill      XL: |  1  2  3 |
---------------+----------+-----
Fighting       | 3 |  3.1
Unarmed Combat | 4 |  4.4
Dodging        | |  2.4
Stealth        | |  1.0

Action                   |  1- 3 |  4- 6 || total
-------------------------+-------+-------++-------
Melee: Unarmed           |    88 |     4 ||    92
 Stab: Sleeping          |     3 |       ||     3
Armor: Robe              |    26 |       ||    26
Dodge: Dodged            |    41 |     3 ||    44
